 Dungeon Crawl Stone Soup version 0.21.1-1-g345015f (webtiles) character file.

653 Devour the Shield-Bearer (level 7, -6/55 HPs)
             Began as a Formicid Fighter on Feb 7, 2018.
             Was a Follower of Uskayaw.
             Mangled by a troll (11 damage)
             ... on level 5 of the Dungeon.
             The game lasted 00:12:04 (3151 turns).

Devour the Shield-Bearer (Formicid Fighter)         Turns: 3151, Time: 00:12:09

Health: -6/55      AC:  8    Str: 22    XL:     7   Next: 84%
Magic:  5/9        EV: 15    Int:  7    God:    Uskayaw [*.....]
Gold:   186        SH: 10    Dex: 16    Spells: 6/6 levels left

rFire    . . .     SeeInvis +   a - +0 war axe
rCold    . . .     Gourm    .   c - +0 shield
rNeg     . . .     Faith    .   b - +0 scale mail
rPois    .         Spirit   .   (helmet unavailable)
rElec    .         Reflect  .   (no cloak)
rCorr    .         Harm     .   n - +0 pair of gloves
MR       .....                  (no boots)
Stlth    ++........             (no amulet)
HPRegen  0.18/turn              (no ring)
MPRegen  0.11/turn              (no ring)

@: agile
A: permanent stasis, dig shafts and tunnels, four strong arms, antennae 3
a: Dig, Shaft Self, Stomp, Renounce Religion


You were on level 5 of the Dungeon.
You worshipped Uskayaw.
Uskayaw was noncommittal.
You were not hungry.

You visited 1 branch of the dungeon, and saw 5 of its levels.

You collected 186 gold pieces.

Inventory:

Hand Weapons
 a - a +0 war axe (weapon)
Armour
 b - a +0 scale mail (worn)
 c - a +0 shield (worn)
 n - a +0 pair of gloves (worn)
Scrolls
 e - 4 scrolls of remove curse
 h - a scroll of teleportation {unknown}
 j - 2 scrolls of identify
 k - a scroll of fear {unknown}
 l - a scroll of immolation {unknown}
 o - a scroll of enchant weapon {unknown}
Potions
 d - a potion of might
 g - a potion of curing
 i - a potion of agility
 m - a potion of heal wounds {unknown}
 p - 2 potions of cancellation {unknown}
Comestibles
 f - 11 rations
 q - a chunk of flesh


   Skills:
 * Level 4.7 Fighting
 * Level 3.7 Axes
 * Level 4.8 Armour
 * Level 2.8 Dodging
 - Level 1.6 Stealth
 * Level 5.3 Shields
 * Level 2.9 Invocations


You had 6 spell levels left.
You didn't know any spells.

Dungeon Overview and Level Annotations

Branches:
Dungeon (5/15)
 Temple: D:4-7

Altars:
Ashenzari
Cheibriados
Dithmenos
Nemelex Xobeh
Qazlal
Uskayaw
Xom


Innate Abilities, Weirdness & Mutations

You cannot be hasted, slowed, berserked, paralysed or teleported.
You can dig through walls and to a lower floor.
Your four strong arms can wield two-handed weapons with a shield.
You have a pair of large antennae on your head. (SInv)


Message History

You hit the centaur. The centaur completely misses you.
You block the centaur's attack. The troll bites you! The troll misses you.
The troll claws you!
* * * LOW HITPOINT WARNING * * *
You can now pass through a line of other dancers.
Aiming: Line Pass
Press: ? - help, Dir - move target cursor The troll appears confused.
You feel quite a bit more hungry.
You can no longer pass through a line of other dancers.
The centaur closely misses you. You block the troll's attack.
The troll misses you. The troll claws you!
* * * LOW HITPOINT WARNING * * *
The centaur barely misses you.
You catch the helpless troll completely off-guard!
You slash the troll!
The troll is heavily wounded.
You barely miss the centaur.
The troll seems less confused.
The centaur barely misses you. You block the troll's attack.
The troll claws you but does no damage. The troll claws you!
You die...

.........#
........##
######..# #..#
## #..#
...######..#
........(..# #
#.....cT###...#
.......@.....#..
.##..........#
#..........##
#.........##
#..(.....###
#.......##
.......##
###..##


You could see a troll and a centaur.

Vanquished Creatures
  2 ogres (D:4)
  A scorpion (D:4)
  A hound (D:4)
  2 orc priests (D:4)
  Natasha (thrice) (D:2)
  An iguana (D:4)
  4 orc wizards (D:4)
  Terence (D:2)
  An adder (D:3)
  An ooze (D:3)
  2 worms
  2 dart slugs (D:2)
  A leopard gecko (D:2)
  5 orcs
  2 ball pythons
  2 giant cockroaches
  6 goblins
  13 hobgoblins
  9 jackals
  2 quokkas (D:3)
  9 bats
  8 frilled lizards
  A jackal skeleton (D:4)
  7 kobolds
  2 leopard gecko skeletons (D:4)
  11 rats
99 creatures vanquished.

Notes
Turn   | Place    | Note
-------+----------+-------------------------------------------
     0 | D:1      | Devour the Formicid Fighter began the quest for the Orb.
     0 | D:1      | Reached XP level 1. HP: 18/18 MP: 1/1
   200 | D:1      | Reached XP level 2. HP: 24/24 MP: 2/2
   529 | D:1      | Reached skill level 1 in Dodging
   551 | D:1      | Reached XP level 3. HP: 29/29 MP: 3/3
   715 | D:2      | Noticed Natasha
   729 | D:2      | Killed Natasha
   729 | D:2      | Reached skill level 1 in Stealth
   729 | D:2      | Reached skill level 4 in Shields
   729 | D:2      | Reached XP level 4. HP: 16/35 MP: 4/4
  1111 | D:2      | Found a hide-covered altar of Uskayaw.
  1185 | D:2      | Became a worshipper of Uskayaw the Reveler
  1226 | D:2      | Noticed Terence
  1239 | D:2      | Reached * piety under Uskayaw
  1260 | D:2      | Killed Terence
  1260 | D:2      | Reached XP level 5. HP: 22/42 MP: 5/5
  1260 | D:2      | Reached ** piety under Uskayaw
  1311 | D:2      | Noticed Natasha
  1321 | D:2      | Killed Natasha
  1364 | D:2      | Noticed Natasha
  1372 | D:2      | Killed Natasha
  1611 | D:3      | Found a sparkling altar of Nemelex Xobeh.
  1790 | D:3      | Reached skill level 1 in Invocations
  1832 | D:3      | Reached XP level 6. HP: 42/48 MP: 6/6
  1931 | D:3      | Found a snail-covered altar of Cheibriados.
  1935 | D:3      | Found a stormy altar of Qazlal.
  1935 | D:3      | Found a shimmering altar of Xom.
  1937 | D:3      | Found a shadowy altar of Dithmenos.
  1938 | D:3      | Found a shattered altar of Ashenzari.
  2183 | D:4      | Noticed an ogre
  2191 | D:4      | Killed an ogre
  2191 | D:4      | Reached *** piety under Uskayaw
  2392 | D:4      | Reached XP level 7. HP: 52/54 MP: 8/8
  2428 | D:4      | Reached skill level 5 in Shields
  2429 | D:4      | Reached **** piety under Uskayaw
  3114 | D:5      | Entered Level 5 of the Dungeon
  3141 | D:5      | Noticed a troll
  3151 | D:5      | Mangled by a troll

Skill      XL: |  1  2  3  4  5  6  7 |
---------------+----------------------+-----
Dodging        | 1 2 |  2.8
Stealth        | 1 |  1.6
Shields        | 4 5 |  5.3
Armour         | 4 |  4.8
Invocations    | 1 2 |  2.9
Axes           | 3 |  3.7
Fighting       | 4 |  4.7

Action                   |  1- 3 |  4- 6 |  7- 9 || total
-------------------------+-------+-------+-------++-------
Melee: War axe           |    67 |   200 |    49 ||   316
Invok: Line Pass         |       |       |     2 ||     2
  Use: Scroll            |       |     3 |       ||     3
       Potion            |       |       |     1 ||     1
 Stab: Paralysed         |       |     2 |     3 ||     5
       Confused          |       |       |     1 ||     1
  Eat: Chunk             |       |     5 |     2 ||     7
       Ration            |       |       |     1 ||     1
Armor: Scale mail        |    30 |    94 |    29 ||   153
Dodge: Dodged            |    20 |    89 |    29 ||   138
Block: Shield            |    25 |   123 |    36 ||   184
